[ AOE2 MATCH · #457261301 ]
UnrankedBurgundians vs None
Rival team · WIN
[ REPLAY ANALYSIS · EXTRACTED FROM THE RECORDED GAME ]
Feudal
—
Castle
—
Imperial
—
| APM avg | 11.8 |
| APM peak | 46 |
| eAPM avg | 10.9 |
| Villagers / military | 63 / 0 |
Focus
⚔️ 4.1% · 🌾 95.9%
Feudal
—
Castle
—
Imperial
30:20
| APM avg | 12.0 |
| APM peak | 58 |
| eAPM avg | 7.3 |
| Villagers / military | 42 / 0 |
Focus
⚔️ 21.7% · 🌾 78.3%
Feudal
—
Castle
—
Imperial
—
| APM avg | 12.7 |
| APM peak | 44 |
| eAPM avg | 11.4 |
| Villagers / military | 42 / 0 |
Focus
⚔️ 6.6% · 🌾 93.4%
Feudal
—
Castle
—
Imperial
27:48
| APM avg | 9.2 |
| APM peak | 52 |
| eAPM avg | 7.3 |
| Villagers / military | 28 / 0 |
Focus
⚔️ 40.3% · 🌾 59.7%
Feudal
—
Castle
—
Imperial
—
| APM avg | 0.7 |
| APM peak | 8 |
| eAPM avg | 0.7 |
| Villagers / military | 1 / 0 |
Focus
⚔️ 50.0% · 🌾 50.0%
Feudal
—
Castle
—
Imperial
19:30
| APM avg | 8.5 |
| APM peak | 23 |
| eAPM avg | 7.5 |
| Villagers / military | 82 / 0 |
Focus
⚔️ 39.0% · 🌾 61.0%
Feudal
—
Castle
—
Imperial
26:19
| APM avg | 11.5 |
| APM peak | 33 |
| eAPM avg | 7.8 |
| Villagers / military | 40 / 0 |
Focus
⚔️ 28.0% · 🌾 72.0%
Feudal
—
Castle
—
Imperial
—
| APM avg | 5.2 |
| APM peak | 28 |
| eAPM avg | 4.6 |
| Villagers / military | 10 / 0 |
Focus
⚔️ 73.2% · 🌾 26.8%
Unknown (704) ×3 · Unknown (434) ×1
Match map
Initial resources + every placement click. Lines = walls · curves = elevation contours. ◆ gold · ⬟ stone · ● berries · ✦ relic · ◌ wall gap
Your base· Open — unwalled flank
labubu's base· Open — 8t gap
RoR | Benanji's base· Open — unwalled flank
Firester's base· Open — unwalled flank
ZAgOR's base· Open — unwalled flank
yjf4be's base· Open — unwalled flank
kaisah87's base· Open — unwalled flank
Berserker's base· Open — unwalled flank
Smoothed initial terrain · ◌ = detected wall gap · hover for details
Inputs per minute
— naphtaligrauer16 - - labubu
Build order — naphtaligrauer16
First 150 of 262 actions detected
| 0:07 | Build | Mill |
| 0:11 | Create | Villager (Male) |
| 0:26 | Build | Blacksmith |
| 0:26 | Build | Blacksmith |
| 0:26 | Build | Blacksmith |
| 0:27 | Build | Blacksmith |
| 0:27 | Build | Blacksmith |
| 0:27 | Build | Blacksmith |
| 0:28 | Build | Blacksmith |
| 0:28 | Build | Blacksmith |
| 0:28 | Build | Blacksmith |
| 0:28 | Build | Blacksmith |
| 0:29 | Build | Blacksmith |
| 0:39 | Create | Villager (Male) |
| 1:06 | Build | Castle |
| 1:07 | Build | Castle |
| 1:07 | Build | Castle |
| 1:19 | Build | Castle |
| 1:22 | Build | Castle |
| 1:28 | Create | Villager (Male) |
| 1:30 | Create | Villager (Male) |
| 1:30 | Create | Villager (Male) |
| 1:46 | Build | Blacksmith |
| 1:50 | Build | Blacksmith |
| 1:50 | Build | Blacksmith |
| 1:50 | Build | Blacksmith |
| 1:51 | Build | Blacksmith |
| 1:51 | Build | Blacksmith |
| 1:51 | Build | Blacksmith |
| 1:52 | Build | Blacksmith |
| 1:52 | Build | Blacksmith |
| 1:52 | Build | Blacksmith |
| 1:52 | Build | Blacksmith |
| 1:53 | Build | Blacksmith |
| 1:53 | Build | Blacksmith |
| 1:56 | Create | Villager (Male) |
| 1:56 | Create | Villager (Male) |
| 2:12 | Build | Blacksmith |
| 2:15 | Build | Blacksmith |
| 2:16 | Build | Blacksmith |
| 2:17 | Build | Blacksmith |
| 2:19 | Build | Blacksmith |
| 2:20 | Build | Blacksmith |
| 2:21 | Build | Blacksmith |
| 2:22 | Build | Blacksmith |
| 2:23 | Build | Blacksmith |
| 2:24 | Build | Blacksmith |
| 2:24 | Build | Blacksmith |
| 2:25 | Build | Blacksmith |
| 2:25 | Build | Blacksmith |
| 2:25 | Build | Blacksmith |
| 2:26 | Build | Blacksmith |
| 2:26 | Build | Blacksmith |
| 2:27 | Build | Blacksmith |
| 2:27 | Build | Blacksmith |
| 2:27 | Build | Blacksmith |
| 2:28 | Build | Blacksmith |
| 2:28 | Build | Blacksmith |
| 2:29 | Build | Blacksmith |
| 2:52 | Build | University |
| 2:54 | Create | Villager (Male) |
| 2:54 | Create | Villager (Male) |
| 3:33 | Create | Villager (Male) |
| 3:51 | Research | Treadmill Crane |
| 4:37 | Build | Blacksmith |
| 4:38 | Build | Blacksmith |
| 4:38 | Build | Blacksmith |
| 4:39 | Build | Blacksmith |
| 4:39 | Build | Blacksmith |
| 4:41 | Create | Villager (Male) |
| 4:41 | Create | Villager (Male) |
| 4:59 | Create | Villager (Male) |
| 5:00 | Create | Villager (Male) |
| 5:53 | Create | Villager (Male) |
| 5:54 | Create | Villager (Male) |
| 6:01 | Build | Lumber Camp |
| 6:14 | Build | Blacksmith |
| 6:14 | Build | Blacksmith |
| 6:14 | Build | Blacksmith |
| 6:15 | Build | Blacksmith |
| 6:15 | Build | Blacksmith |
| 6:16 | Build | Blacksmith |
| 6:16 | Build | Blacksmith |
| 6:17 | Build | Blacksmith |
| 6:17 | Build | Blacksmith |
| 7:08 | Create | Villager (Male) |
| 7:12 | Build | Lumber Camp |
| 7:15 | Build | Lumber Camp |
| 8:01 | Build | House |
| 8:03 | Build | House |
| 8:04 | Build | House |
| 8:04 | Build | House |
| 8:04 | Build | House |
| 8:05 | Build | House |
| 8:05 | Build | House |
| 8:52 | Build | Mill |
| 8:53 | Build | Mill |
| 8:53 | Build | Mill |
| 8:54 | Build | Mill |
| 8:54 | Build | Mill |
| 8:54 | Build | Mill |
| 9:07 | Research | Bow Saw |
| 9:07 | Research | Bow Saw |
| 9:35 | Build | Mill |
| 9:35 | Build | Mill |
| 9:58 | Build | Blacksmith |
| 9:58 | Build | Blacksmith |
| 9:59 | Build | Blacksmith |
| 9:59 | Build | Blacksmith |
| 10:00 | Build | Blacksmith |
| 10:00 | Build | Blacksmith |
| 10:00 | Build | Blacksmith |
| 10:02 | Create | Villager (Male) |
| 10:02 | Create | Villager (Male) |
| 10:02 | Create | Villager (Male) |
| 10:04 | Create | Villager (Male) |
| 10:05 | Create | Villager (Male) |
| 10:46 | Build | Blacksmith |
| 10:46 | Build | Blacksmith |
| 10:47 | Build | Blacksmith |
| 10:47 | Build | Blacksmith |
| 10:47 | Build | Blacksmith |
| 11:15 | Research | Two-Man Saw |
| 11:40 | Build | Blacksmith |
| 11:44 | Build | Blacksmith |
| 11:44 | Build | Blacksmith |
| 11:44 | Build | Blacksmith |
| 11:45 | Build | Blacksmith |
| 11:49 | Research | Bloodlines |
| 12:04 | Build | Blacksmith |
| 12:05 | Build | Blacksmith |
| 12:05 | Build | Blacksmith |
| 12:05 | Build | Blacksmith |
| 12:06 | Build | Blacksmith |
| 12:06 | Build | Blacksmith |
| 12:06 | Build | Blacksmith |
| 12:06 | Build | Blacksmith |
| 12:16 | Build | Blacksmith |
| 12:17 | Create | Villager (Male) |
| 12:18 | Create | Villager (Male) |
| 12:55 | Create | Villager (Male) |
| 12:56 | Create | Villager (Male) |
| 13:14 | Build | Blacksmith |
| 13:15 | Build | Blacksmith |
| 13:15 | Build | Blacksmith |
| 13:23 | Build | Blacksmith |
| 13:24 | Build | Blacksmith |
| 13:24 | Build | Blacksmith |
| 13:24 | Build | Blacksmith |
| 13:25 | Build | Blacksmith |
Build order — labubu
139 actions detected in the replay
| 0:16 | Create | Villager (Male) |
| 0:16 | Create | Villager (Male) |
| 0:17 | Create | Villager (Male) |
| 0:31 | Build | Lumber Camp |
| 0:49 | Build | Lumber Camp |
| 0:55 | Research | Bow Saw |
| 1:40 | Build | Castle |
| 1:42 | Build | Castle |
| 1:43 | Build | Castle |
| 1:44 | Build | Castle |
| 1:45 | Build | Castle |
| 1:46 | Build | Castle |
| 1:47 | Build | Castle |
| 1:47 | Build | Castle |
| 2:20 | Build | Blacksmith |
| 2:25 | Build | University |
| 2:43 | Create | Villager (Male) |
| 3:08 | Research | Murder Holes |
| 4:15 | Create | Villager (Male) |
| 5:23 | Create | Villager (Male) |
| 6:19 | Create | Villager (Male) |
| 7:33 | Create | Villager (Male) |
| 8:18 | Create | Villager (Male) |
| 8:59 | Create | Villager (Male) |
| 9:38 | Build | Dock |
| 10:22 | Build | Mill |
| 10:28 | Build | Mill |
| 11:02 | Research | Heavy Plow |
| 11:25 | Build | Building 785 |
| 11:26 | Build | Building 785 |
| 11:26 | Build | Building 785 |
| 11:26 | Build | Building 785 |
| 11:27 | Build | Building 785 |
| 11:27 | Build | Building 785 |
| 11:27 | Build | Building 785 |
| 11:33 | Create | Villager (Male) |
| 11:55 | Create | Villager (Male) |
| 11:55 | Create | Villager (Male) |
| 11:55 | Create | Villager (Male) |
| 12:20 | Build | Farm |
| 12:22 | Build | Farm |
| 12:23 | Build | Farm |
| 12:24 | Build | Farm |
| 12:27 | Build | Farm |
| 12:28 | Build | Farm |
| 12:30 | Build | Farm |
| 12:32 | Build | Farm |
| 12:34 | Build | Farm |
| 12:36 | Build | Farm |
| 12:40 | Build | Farm |
| 13:42 | Create | Villager (Male) |
| 13:51 | Create | Villager (Male) |
| 14:23 | Build | Building 785 |
| 14:23 | Build | Building 785 |
| 14:23 | Build | Building 785 |
| 14:24 | Build | Building 785 |
| 14:59 | Create | Villager (Male) |
| 15:08 | Build | Building 785 |
| 15:44 | Research | Bodkin Arrow |
| 15:55 | Research | Ballistics |
| 16:38 | Create | Villager (Male) |
| 16:38 | Create | Villager (Male) |
| 17:33 | Create | Villager (Male) |
| 18:10 | Build | Farm |
| 18:12 | Build | Farm |
| 18:13 | Build | Farm |
| 18:17 | Build | Farm |
| 18:18 | Build | Farm |
| 18:20 | Build | Farm |
| 18:22 | Build | Farm |
| 18:23 | Build | Farm |
| 18:25 | Build | Farm |
| 18:31 | Research | Hand Cart |
| 19:22 | Create | Villager (Male) |
| 19:22 | Create | Villager (Male) |
| 19:22 | Create | Villager (Male) |
| 19:56 | Research | Thumb Ring |
| 20:40 | Build | Mining Camp |
| 20:47 | Research | Gold Shaft Mining |
| 20:53 | Create | Villager (Male) |
| 21:09 | Build | Building 785 |
| 21:09 | Build | Building 785 |
| 21:09 | Build | Building 785 |
| 21:10 | Build | Building 785 |
| 21:10 | Build | Building 785 |
| 21:43 | Create | Villager (Male) |
| 21:43 | Create | Villager (Male) |
| 22:22 | Build | Building 785 |
| 22:22 | Build | Building 785 |
| 22:22 | Build | Building 785 |
| 22:27 | Create | Villager (Male) |
| 22:48 | Research | Leather Archer Armor |
| 23:28 | Build | Building 785 |
| 23:36 | Create | Villager (Male) |
| 24:08 | Create | Villager (Male) |
| 24:08 | Create | Villager (Male) |
| 24:41 | Build | Building 785 |
| 24:41 | Build | Building 785 |
| 24:41 | Build | Building 785 |
| 24:42 | Build | Building 785 |
| 24:46 | Create | Villager (Male) |
| 25:14 | Create | Villager (Male) |
| 25:34 | Build | Building 785 |
| 26:53 | Build | Castle |
| 26:53 | Build | Castle |
| 26:54 | Build | Castle |
| 26:54 | Build | Castle |
| 26:54 | Build | Castle |
| 26:54 | Build | Castle |
| 26:55 | Build | Castle |
| 27:10 | Research | Imperial Age |
| 28:55 | Research | Paper Money |
| 28:55 | Create | Villager (Male) |
| 28:56 | Create | Villager (Male) |
| 29:54 | Build | Farm |
| 30:00 | Create | Villager (Male) |
| 30:00 | Create | Villager (Male) |
| 30:20 | Age | Imperial Age |
| 30:45 | Research | Two-Man Saw |
| 30:49 | Create | Villager (Male) |
| 30:50 | Create | Villager (Male) |
| 30:58 | Build | Farm |
| 30:59 | Build | Farm |
| 31:13 | Research | Siege Engineers |
| 31:14 | Research | Masonry |
| 31:20 | Research | Bracer |
| 31:22 | Research | Chain Mail Armor |
| 32:14 | Build | Castle |
| 32:15 | Build | Castle |
| 32:15 | Build | Castle |
| 32:15 | Build | Castle |
| 32:16 | Build | Castle |
| 32:16 | Build | Castle |
| 32:16 | Build | Castle |
| 32:17 | Build | Castle |
| 32:33 | Create | Villager (Male) |
| 32:34 | Create | Villager (Male) |
| 32:34 | Create | Villager (Male) |
| 32:34 | Create | Villager (Male) |
Build order — RoR | Benanji
First 150 of 252 actions detected
| 0:07 | Build | Mill |
| 0:09 | Create | Villager (Male) |
| 0:13 | Create | Villager (Male) |
| 0:13 | Create | Villager (Male) |
| 0:14 | Create | Villager (Male) |
| 0:14 | Create | Villager (Male) |
| 0:54 | Build | University |
| 0:58 | Build | Blacksmith |
| 0:58 | Build | Blacksmith |
| 0:58 | Build | Blacksmith |
| 0:59 | Build | Blacksmith |
| 0:59 | Build | Blacksmith |
| 0:59 | Build | Blacksmith |
| 0:59 | Build | Blacksmith |
| 1:00 | Build | Blacksmith |
| 1:00 | Build | Blacksmith |
| 1:00 | Build | Blacksmith |
| 1:01 | Build | Blacksmith |
| 1:01 | Build | Blacksmith |
| 1:02 | Build | Blacksmith |
| 1:03 | Build | Blacksmith |
| 1:03 | Build | Blacksmith |
| 1:03 | Build | Blacksmith |
| 1:04 | Build | Blacksmith |
| 1:04 | Build | Blacksmith |
| 1:04 | Build | Blacksmith |
| 1:13 | Build | Blacksmith |
| 1:14 | Build | Blacksmith |
| 1:14 | Build | Blacksmith |
| 1:14 | Build | Blacksmith |
| 1:15 | Build | Blacksmith |
| 1:26 | Create | Villager (Male) |
| 2:09 | Build | University |
| 2:12 | Build | University |
| 2:14 | Build | University |
| 2:15 | Build | University |
| 2:15 | Build | University |
| 2:15 | Build | University |
| 2:16 | Build | University |
| 2:16 | Build | University |
| 2:16 | Build | University |
| 2:16 | Build | University |
| 2:17 | Build | University |
| 2:17 | Build | University |
| 2:17 | Build | University |
| 2:18 | Build | University |
| 2:18 | Build | University |
| 2:18 | Build | University |
| 2:37 | Research | Treadmill Crane |
| 2:39 | Create | Villager (Male) |
| 4:07 | Build | Lumber Camp |
| 4:08 | Create | Villager (Male) |
| 4:09 | Create | Villager (Male) |
| 4:40 | Create | Villager (Male) |
| 4:49 | Build | Blacksmith |
| 4:55 | Build | Blacksmith |
| 5:35 | Create | Villager (Male) |
| 6:11 | Build | University |
| 6:20 | Build | Barracks |
| 6:23 | Research | Chain Mail Armor |
| 7:12 | Research | Squires |
| 7:18 | Research | Long Swordsman (upgrade) |
| 7:22 | Build | University |
| 7:24 | Build | University |
| 7:24 | Build | University |
| 7:25 | Build | University |
| 7:40 | Build | Lumber Camp |
| 8:32 | Create | Villager (Male) |
| 9:02 | Build | University |
| 9:05 | Build | University |
| 9:06 | Build | University |
| 9:39 | Build | University |
| 9:55 | Build | University |
| 9:56 | Build | University |
| 9:59 | Build | University |
| 10:00 | Build | University |
| 10:00 | Build | University |
| 10:01 | Create | Villager (Male) |
| 10:02 | Create | Villager (Male) |
| 10:05 | Build | University |
| 10:05 | Build | University |
| 10:05 | Build | University |
| 10:12 | Create | Villager (Male) |
| 10:40 | Build | University |
| 10:41 | Build | University |
| 10:41 | Build | University |
| 10:42 | Build | University |
| 10:42 | Build | University |
| 10:42 | Build | University |
| 10:49 | Build | Mill |
| 10:53 | Build | Mill |
| 10:55 | Build | Mill |
| 10:58 | Build | Mill |
| 11:02 | Create | Villager (Male) |
| 11:03 | Create | Villager (Male) |
| 11:07 | Build | Mill |
| 11:08 | Build | Mill |
| 11:25 | Create | Villager (Male) |
| 11:53 | Research | Heavy Plow |
| 12:00 | Build | Farm |
| 12:13 | Research | Bow Saw |
| 12:16 | Build | Farm |
| 12:18 | Build | Farm |
| 12:22 | Build | University |
| 12:22 | Build | University |
| 12:23 | Build | University |
| 12:23 | Build | University |
| 12:23 | Build | University |
| 12:24 | Build | University |
| 12:24 | Build | University |
| 12:33 | Research | Arson |
| 13:03 | Build | Farm |
| 13:16 | Build | University |
| 13:16 | Build | University |
| 13:16 | Build | University |
| 13:33 | Build | Farm |
| 13:35 | Build | Farm |
| 13:38 | Build | Farm |
| 13:46 | Build | Farm |
| 13:47 | Create | Villager (Male) |
| 14:02 | Build | University |
| 14:32 | Create | Villager (Male) |
| 14:33 | Create | Villager (Male) |
| 14:46 | Build | University |
| 14:47 | Build | University |
| 14:47 | Build | University |
| 14:48 | Build | University |
| 14:53 | Build | University |
| 14:53 | Build | University |
| 14:53 | Build | University |
| 14:54 | Build | University |
| 14:54 | Build | University |
| 14:54 | Build | University |
| 14:56 | Create | Villager (Male) |
| 14:56 | Create | Villager (Male) |
| 15:28 | Build | Farm |
| 15:29 | Build | Farm |
| 15:42 | Create | Villager (Male) |
| 15:42 | Create | Villager (Male) |
| 16:17 | Build | University |
| 16:19 | Build | University |
| 16:35 | Build | University |
| 16:35 | Build | University |
| 16:40 | Create | Villager (Male) |
| 16:41 | Research | Tech 19 |
| 17:09 | Build | Farm |
| 17:11 | Build | Farm |
| 17:14 | Build | Farm |
| 17:18 | Build | Farm |
| 17:19 | Build | Farm |
Build order — Firester
145 actions detected in the replay
| 0:21 | Build | Castle |
| 0:23 | Create | Villager (Male) |
| 0:23 | Create | Villager (Male) |
| 0:24 | Create | Villager (Male) |
| 0:33 | Build | Lumber Camp |
| 1:21 | Build | Castle |
| 1:22 | Build | Castle |
| 1:23 | Build | Castle |
| 1:58 | Build | Mill |
| 2:59 | Build | Lumber Camp |
| 3:09 | Build | Castle |
| 3:11 | Build | Castle |
| 3:11 | Build | Castle |
| 3:11 | Build | Castle |
| 3:13 | Build | Castle |
| 3:13 | Build | Castle |
| 3:13 | Build | Castle |
| 3:14 | Build | Castle |
| 3:14 | Build | Castle |
| 3:14 | Build | Castle |
| 3:15 | Build | Castle |
| 3:50 | Create | Villager (Male) |
| 6:00 | Create | Villager (Male) |
| 7:45 | Create | Villager (Male) |
| 8:08 | Build | University |
| 8:10 | Build | Blacksmith |
| 8:55 | Create | Villager (Male) |
| 9:14 | Research | Bodkin Arrow |
| 9:20 | Research | Ballistics |
| 9:33 | Build | Farm |
| 9:35 | Build | Farm |
| 9:37 | Build | Farm |
| 9:39 | Build | Farm |
| 9:41 | Build | Farm |
| 9:43 | Build | Farm |
| 10:33 | Build | Castle |
| 10:33 | Build | Castle |
| 10:33 | Build | Castle |
| 10:34 | Build | Castle |
| 10:45 | Create | Villager (Male) |
| 12:15 | Create | Villager (Male) |
| 13:31 | Build | Castle |
| 13:32 | Build | Castle |
| 13:32 | Build | Castle |
| 13:32 | Build | Castle |
| 13:33 | Build | Castle |
| 13:33 | Build | Castle |
| 13:51 | Create | Villager (Male) |
| 13:58 | Research | Bow Saw |
| 14:31 | Create | Villager (Male) |
| 14:50 | Research | Treadmill Crane |
| 15:15 | Build | Castle |
| 15:15 | Build | Castle |
| 15:15 | Build | Castle |
| 15:16 | Build | Castle |
| 15:16 | Build | Castle |
| 15:41 | Research | Masonry |
| 16:08 | Create | Villager (Male) |
| 16:47 | Research | Leather Archer Armor |
| 16:51 | Research | Bloodlines |
| 17:23 | Create | Villager (Male) |
| 17:31 | Build | Castle |
| 17:32 | Build | Castle |
| 17:32 | Build | Castle |
| 18:03 | Research | Thumb Ring |
| 18:29 | Create | Villager (Male) |
| 18:40 | Build | Castle |
| 18:41 | Build | Castle |
| 18:55 | Build | Castle |
| 18:55 | Build | Castle |
| 18:55 | Build | Castle |
| 18:56 | Build | Castle |
| 19:21 | Create | Villager (Male) |
| 20:03 | Build | Castle |
| 20:03 | Build | Castle |
| 20:03 | Build | Castle |
| 20:04 | Build | Castle |
| 20:04 | Build | Castle |
| 20:04 | Build | Castle |
| 20:07 | Create | Villager (Male) |
| 20:29 | Build | Farm |
| 20:30 | Build | Farm |
| 20:32 | Build | Farm |
| 20:34 | Build | Farm |
| 20:47 | Build | Farm |
| 20:56 | Build | Farm |
| 21:17 | Build | Lumber Camp |
| 21:32 | Create | Villager (Male) |
| 21:35 | Build | Farm |
| 22:05 | Research | Hand Cart |
| 22:29 | Create | Villager (Male) |
| 23:04 | Build | Mining Camp |
| 23:14 | Build | Farm |
| 23:19 | Build | Castle |
| 23:19 | Build | Castle |
| 23:20 | Build | Castle |
| 23:23 | Create | Villager (Male) |
| 24:38 | Research | Imperial Age |
| 24:38 | Research | Imperial Age |
| 24:38 | Research | Imperial Age |
| 25:51 | Build | Castle |
| 25:51 | Build | Castle |
| 25:52 | Build | Castle |
| 25:56 | Create | Villager (Male) |
| 26:18 | Create | Villager (Male) |
| 26:27 | Build | Farm |
| 26:37 | Build | Castle |
| 26:38 | Build | Castle |
| 26:38 | Build | Castle |
| 26:38 | Build | Castle |
| 26:39 | Build | Castle |
| 26:39 | Build | Castle |
| 26:39 | Build | Castle |
| 26:46 | Build | Castle |
| 26:47 | Build | Castle |
| 27:06 | Build | Farm |
| 27:48 | Age | Imperial Age |
| 27:49 | Research | Bracer |
| 27:49 | Research | Bracer |
| 27:49 | Research | Bracer |
| 27:53 | Create | Villager (Male) |
| 28:00 | Build | Farm |
| 28:04 | Build | Farm |
| 28:19 | Research | Tech 19 |
| 28:27 | Research | Burgundian Vineyards |
| 28:35 | Build | Farm |
| 28:37 | Build | Farm |
| 28:47 | Build | Farm |
| 29:28 | Build | Castle |
| 29:29 | Build | Castle |
| 29:39 | Create | Villager (Male) |
| 29:51 | Create | Villager (Male) |
| 30:23 | Create | Villager (Male) |
| 30:55 | Build | Farm |
| 31:04 | Build | Farm |
| 31:12 | Research | Heavy Plow |
| 31:52 | Create | Villager (Male) |
| 32:15 | Create | Villager (Male) |
| 32:22 | Build | Farm |
| 32:34 | Build | Castle |
| 32:35 | Build | Castle |
| 32:35 | Build | Castle |
| 32:35 | Build | Castle |
| 33:00 | Create | Villager (Male) |
| 33:03 | Build | Farm |
Build order — ZAgOR
16 actions detected in the replay
| 1:06 | Build | Mill |
| 1:26 | Research | Paper Money |
| 1:31 | Research | Bloodlines |
| 1:35 | Research | Thumb Ring |
| 1:38 | Research | Gold Shaft Mining |
| 1:40 | Research | Hand Cart |
| 1:44 | Research | Squires |
| 1:46 | Research | Arson |
| 2:46 | Research | Tech 19 |
| 2:50 | Research | Tech 19 |
| 2:58 | Research | Tech 19 |
| 4:25 | Research | Chatras |
| 6:44 | Create | Villager (Male) |
| 8:19 | Research | Tech 19 |
| 8:24 | Research | Tech 19 |
| 8:29 | Research | Grand Trunk Road |
Build order — yjf4be
First 150 of 202 actions detected
| 0:06 | Create | Villager (Male) ×2 |
| 0:07 | Create | Villager (Male) ×2 |
| 0:12 | Build | Mill |
| 0:40 | Build | University |
| 0:56 | Build | Castle |
| 1:06 | Build | Castle |
| 1:11 | Build | Castle |
| 1:27 | Build | Castle |
| 1:44 | Build | Castle |
| 1:55 | Build | Castle |
| 2:07 | Build | Castle |
| 2:35 | Build | Castle |
| 2:42 | Research | Treadmill Crane |
| 2:43 | Research | Murder Holes |
| 2:43 | Research | Murder Holes |
| 2:47 | Create | Villager (Male) |
| 3:18 | Build | Archery Range |
| 3:27 | Build | Castle |
| 3:28 | Build | Castle |
| 3:29 | Build | Castle |
| 3:30 | Build | Castle |
| 3:43 | Create | Villager (Male) |
| 3:50 | Create | Villager (Male) |
| 4:07 | Build | Castle |
| 4:12 | Build | Archery Range |
| 4:13 | Build | Archery Range |
| 4:14 | Build | Archery Range |
| 4:15 | Build | Archery Range |
| 5:03 | Create | Villager (Male) |
| 5:30 | Create | Villager (Male) |
| 5:34 | Build | Castle |
| 5:55 | Build | Castle |
| 5:58 | Build | Archery Range |
| 6:14 | Build | Archery Range |
| 6:19 | Create | Villager (Male) |
| 6:22 | Create | Villager (Male) |
| 6:31 | Build | Castle |
| 6:34 | Build | Castle |
| 6:47 | Build | Archery Range |
| 6:51 | Create | Villager (Male) |
| 7:07 | Build | Archery Range |
| 7:17 | Create | Villager (Male) |
| 7:41 | Build | Archery Range |
| 7:43 | Build | Archery Range |
| 7:45 | Build | Archery Range |
| 8:29 | Build | Castle |
| 8:34 | Build | Archery Range |
| 8:36 | Build | Archery Range |
| 8:37 | Build | Archery Range |
| 8:42 | Create | Villager (Male) ×3 |
| 8:42 | Create | Villager (Male) ×3 |
| 8:42 | Create | Villager (Male) ×3 |
| 9:14 | Build | Lumber Camp |
| 9:39 | Create | Villager (Male) |
| 9:41 | Create | Villager (Male) |
| 9:41 | Create | Villager (Male) |
| 9:48 | Build | Farm |
| 9:50 | Build | Farm |
| 9:52 | Research | Heavy Plow |
| 10:15 | Build | Archery Range |
| 10:17 | Build | Archery Range |
| 10:30 | Build | Farm |
| 10:32 | Build | Farm |
| 10:38 | Build | Castle |
| 10:43 | Create | Villager (Male) |
| 10:43 | Create | Villager (Male) |
| 10:48 | Build | Farm |
| 10:50 | Build | Farm |
| 10:51 | Build | Farm |
| 10:56 | Build | Farm |
| 11:13 | Research | Bow Saw |
| 11:23 | Build | Farm |
| 11:25 | Build | Farm |
| 11:26 | Build | Farm |
| 11:31 | Build | Farm |
| 11:35 | Build | Castle |
| 11:38 | Build | Archery Range |
| 11:46 | Build | Archery Range |
| 11:50 | Create | Villager (Male) |
| 12:07 | Build | Mill |
| 12:26 | Build | Farm |
| 12:32 | Create | Villager (Male) |
| 12:33 | Create | Villager (Male) |
| 12:42 | Build | Castle |
| 13:05 | Build | Archery Range |
| 13:07 | Build | Archery Range |
| 13:12 | Research | Paper Money |
| 13:19 | Build | Castle |
| 13:27 | Build | Lumber Camp |
| 13:34 | Build | Lumber Camp |
| 13:43 | Build | Castle |
| 13:55 | Build | Archery Range |
| 14:03 | Build | Lumber Camp |
| 14:05 | Build | Lumber Camp |
| 14:09 | Build | Archery Range |
| 14:10 | Build | Archery Range |
| 14:14 | Build | Castle |
| 14:18 | Research | Hand Cart |
| 14:34 | Research | Thumb Ring |
| 14:35 | Research | Squires |
| 14:37 | Research | Gold Shaft Mining |
| 14:39 | Research | Arson |
| 14:45 | Build | Castle |
| 14:59 | Build | Farm |
| 15:06 | Build | Farm |
| 15:07 | Build | Farm |
| 15:15 | Build | Archery Range |
| 15:17 | Build | Archery Range |
| 15:19 | Build | Archery Range |
| 15:46 | Build | Lumber Camp |
| 16:02 | Build | Mill |
| 16:12 | Build | Mill |
| 16:20 | Research | Imperial Age |
| 16:45 | Build | Farm |
| 16:47 | Build | Farm |
| 16:48 | Build | Farm |
| 16:51 | Build | Farm |
| 16:53 | Build | Farm |
| 16:59 | Build | Archery Range |
| 17:00 | Build | Archery Range |
| 17:02 | Build | Archery Range |
| 17:35 | Build | Blacksmith |
| 17:47 | Build | Castle |
| 17:55 | Research | Masonry |
| 18:48 | Build | Castle |
| 18:55 | Research | Bodkin Arrow |
| 19:07 | Build | Castle |
| 19:30 | Age | Imperial Age |
| 19:45 | Build | Castle |
| 19:52 | Research | Crop Rotation |
| 19:52 | Research | Crop Rotation |
| 20:31 | Build | Castle |
| 20:43 | Build | Mining Camp |
| 20:47 | Build | Farm |
| 21:04 | Build | Farm |
| 21:06 | Build | Farm |
| 21:07 | Build | Farm |
| 21:09 | Build | Farm |
| 21:37 | Build | Mill |
| 21:50 | Research | Bracer |
| 22:21 | Build | Farm |
| 22:22 | Build | Farm |
| 22:25 | Build | Farm |
| 22:26 | Build | Farm |
| 25:23 | Build | Castle |
| 25:26 | Build | Castle |
| 25:44 | Research | Ballistics |
| 25:53 | Research | Conscription |
| 26:01 | Research | Hoardings |
| 26:10 | Research | Hoardings |
Build order — kaisah87
First 150 of 167 actions detected
| 0:15 | Build | Mill |
| 0:18 | Create | Villager (Male) ×5 |
| 0:34 | Build | University |
| 0:38 | Build | Blacksmith |
| 0:56 | Research | Hand Cart |
| 1:51 | Build | Castle |
| 1:59 | Create | Villager (Male) |
| 2:12 | Create | Villager (Male) |
| 2:24 | Research | Treadmill Crane |
| 2:25 | Research | Murder Holes |
| 2:28 | Research | Ballistics |
| 3:35 | Build | House |
| 3:36 | Build | House |
| 3:37 | Build | House |
| 3:44 | Create | Villager (Male) ×2 |
| 4:17 | Build | Archery Range |
| 4:35 | Create | Villager (Male) |
| 4:47 | Build | Lumber Camp |
| 5:03 | Build | Lumber Camp |
| 5:03 | Build | Lumber Camp |
| 5:04 | Build | Lumber Camp |
| 5:04 | Build | Lumber Camp |
| 5:04 | Build | Lumber Camp |
| 5:05 | Build | Lumber Camp |
| 5:05 | Build | Lumber Camp |
| 5:06 | Build | Lumber Camp |
| 5:06 | Build | Lumber Camp |
| 5:07 | Build | Lumber Camp |
| 5:08 | Build | Lumber Camp |
| 5:08 | Build | Lumber Camp |
| 5:08 | Build | Lumber Camp |
| 5:09 | Build | Lumber Camp |
| 5:09 | Build | Lumber Camp |
| 5:09 | Build | Lumber Camp |
| 5:10 | Build | Lumber Camp |
| 5:10 | Build | Lumber Camp |
| 5:13 | Research | Elite Skirmisher (upgrade) |
| 5:19 | Research | Bodkin Arrow |
| 5:46 | Create | Villager (Male) |
| 7:35 | Research | Bow Saw |
| 7:43 | Build | Lumber Camp |
| 7:44 | Build | Lumber Camp |
| 8:08 | Build | Castle |
| 8:34 | Build | Castle |
| 8:47 | Create | Villager (Male) |
| 8:47 | Create | Villager (Male) |
| 9:28 | Build | Lumber Camp |
| 9:28 | Build | Lumber Camp |
| 9:43 | Build | Castle |
| 9:45 | Build | Castle |
| 10:00 | Build | Castle |
| 10:16 | Create | Villager (Male) ×2 |
| 10:52 | Build | Caravanserai |
| 11:06 | Build | Farm |
| 11:07 | Build | Farm |
| 11:08 | Build | Farm |
| 11:09 | Build | Farm |
| 11:11 | Build | Farm |
| 11:12 | Build | Farm |
| 11:34 | Build | Castle |
| 13:01 | Build | Caravanserai |
| 13:13 | Build | Lumber Camp |
| 13:13 | Build | Lumber Camp |
| 13:14 | Build | Lumber Camp |
| 13:14 | Build | Lumber Camp |
| 13:14 | Build | Lumber Camp |
| 13:15 | Build | Lumber Camp |
| 13:20 | Create | Villager (Male) ×3 |
| 14:01 | Build | Lumber Camp |
| 14:39 | Build | Siege Workshop |
| 15:23 | Build | Siege Workshop |
| 15:45 | Create | Villager (Male) ×5 |
| 15:54 | Build | Lumber Camp |
| 15:55 | Build | Lumber Camp |
| 15:55 | Build | Lumber Camp |
| 15:56 | Build | Lumber Camp |
| 15:56 | Build | Lumber Camp |
| 15:56 | Build | Lumber Camp |
| 15:57 | Build | Lumber Camp |
| 16:11 | Build | Lumber Camp |
| 16:12 | Build | Lumber Camp |
| 16:12 | Build | Lumber Camp |
| 16:12 | Build | Lumber Camp |
| 16:13 | Build | Lumber Camp |
| 16:13 | Build | Lumber Camp |
| 16:22 | Create | Villager (Male) |
| 16:31 | Build | Farm |
| 16:33 | Build | Farm |
| 16:34 | Build | Farm |
| 16:37 | Build | Mill |
| 17:03 | Build | Lumber Camp |
| 17:03 | Build | Lumber Camp |
| 17:39 | Build | Mining Camp |
| 18:03 | Build | Siege Workshop |
| 18:04 | Build | Siege Workshop |
| 18:19 | Build | Lumber Camp |
| 18:20 | Build | Lumber Camp |
| 18:20 | Build | Lumber Camp |
| 18:21 | Build | Lumber Camp |
| 18:22 | Build | Lumber Camp |
| 18:22 | Build | Lumber Camp |
| 18:32 | Create | Villager (Male) ×5 |
| 18:46 | Build | Farm |
| 18:48 | Build | Farm |
| 18:49 | Build | Farm |
| 19:20 | Build | Castle |
| 19:21 | Build | Castle |
| 19:22 | Build | Castle |
| 19:24 | Build | Castle |
| 19:57 | Research | Masonry |
| 20:10 | Create | Villager (Male) |
| 20:10 | Create | Villager (Male) |
| 20:46 | Research | Tech 19 |
| 21:00 | Research | Chemistry |
| 21:03 | Research | Tech 19 |
| 21:26 | Research | Tech 19 |
| 21:33 | Research | Tech 19 |
| 22:30 | Build | Castle |
| 22:31 | Build | Castle |
| 23:09 | Research | Imperial Age |
| 23:41 | Build | Castle |
| 23:42 | Build | Castle |
| 24:13 | Build | Farm |
| 24:14 | Build | Farm |
| 24:15 | Build | Farm |
| 24:17 | Build | Farm |
| 24:18 | Build | Farm |
| 24:22 | Build | Mill |
| 24:47 | Build | Castle |
| 24:48 | Build | Castle |
| 25:48 | Build | Castle |
| 25:49 | Build | Castle |
| 26:04 | Create | Villager (Male) |
| 26:04 | Create | Villager (Male) |
| 26:05 | Create | Villager (Male) |
| 26:19 | Age | Imperial Age |
| 26:31 | Build | Castle |
| 26:31 | Build | Castle |
| 26:32 | Build | Castle |
| 26:33 | Build | Castle |
| 26:33 | Build | Castle |
| 27:46 | Build | Caravanserai |
| 28:15 | Build | Castle |
| 28:17 | Build | Castle |
| 28:18 | Build | Castle |
| 28:42 | Research | Architecture |
| 28:45 | Research | Arrowslits |
| 28:52 | Research | Two-Man Saw |
| 28:56 | Research | Elite Hussite Wagon (upgrade) |
| 29:06 | Build | Mining Camp |
Build order — Berserker
111 actions detected in the replay
| 1:03 | Build | Castle |
| 1:43 | Build | Lumber Camp |
| 2:24 | Build | Castle |
| 2:26 | Build | Castle |
| 2:28 | Build | Castle |
| 2:46 | Create | Unit 434 |
| 3:37 | Create | Villager (Male) |
| 4:27 | Build | Castle |
| 4:29 | Build | Castle |
| 5:56 | Build | Castle |
| 5:58 | Build | Castle |
| 5:59 | Build | Castle |
| 7:26 | Build | Castle |
| 7:28 | Build | Castle |
| 7:29 | Build | Castle |
| 7:30 | Build | Castle |
| 7:30 | Build | Castle |
| 7:31 | Build | Castle |
| 7:32 | Build | Castle |
| 7:32 | Build | Castle |
| 7:33 | Build | Castle |
| 7:34 | Build | Castle |
| 7:35 | Build | Castle |
| 7:35 | Build | Castle |
| 11:29 | Build | Siege Workshop |
| 11:31 | Build | Siege Workshop |
| 11:34 | Build | Siege Workshop |
| 11:36 | Build | Siege Workshop |
| 11:38 | Build | Siege Workshop |
| 13:19 | Create | Unit 704 |
| 14:25 | Build | Building 685 |
| 15:16 | Create | Unit 704 |
| 15:46 | Build | Stable |
| 15:47 | Build | Stable |
| 15:48 | Build | Stable |
| 15:49 | Build | Stable |
| 15:50 | Build | Stable |
| 15:51 | Build | Stable |
| 15:51 | Build | Stable |
| 15:52 | Build | Stable |
| 17:43 | Create | Unit 704 |
| 18:27 | Build | Mill |
| 18:33 | Create | Villager (Male) |
| 18:34 | Create | Villager (Male) |
| 18:34 | Create | Villager (Male) |
| 18:35 | Create | Villager (Male) |
| 18:35 | Create | Villager (Male) |
| 18:35 | Create | Villager (Male) |
| 20:09 | Build | Farm |
| 20:11 | Build | Farm |
| 20:13 | Build | Farm |
| 20:32 | Build | Castle |
| 20:32 | Build | Castle |
| 20:32 | Build | Castle |
| 20:33 | Build | Castle |
| 20:33 | Build | Castle |
| 20:33 | Build | Castle |
| 20:34 | Build | Castle |
| 20:34 | Build | Castle |
| 20:34 | Build | Castle |
| 20:35 | Build | Castle |
| 20:35 | Build | Castle |
| 20:35 | Build | Castle |
| 20:36 | Build | Castle |
| 20:36 | Build | Castle |
| 20:36 | Build | Castle |
| 20:37 | Build | Castle |
| 20:37 | Build | Castle |
| 20:37 | Build | Castle |
| 20:38 | Build | Castle |
| 20:38 | Build | Castle |
| 21:44 | Research | Hand Cart |
| 23:03 | Research | Heavy Plow |
| 23:11 | Research | Thumb Ring |
| 24:07 | Build | Castle |
| 24:08 | Build | Castle |
| 24:09 | Build | Castle |
| 24:09 | Build | Castle |
| 24:10 | Build | Castle |
| 24:10 | Build | Castle |
| 24:11 | Build | Castle |
| 24:12 | Build | Castle |
| 24:12 | Build | Castle |
| 24:13 | Build | Castle |
| 24:13 | Build | Castle |
| 24:14 | Build | Castle |
| 26:35 | Research | Paper Money |
| 27:56 | Build | Castle |
| 27:56 | Build | Castle |
| 27:56 | Build | Castle |
| 27:57 | Build | Castle |
| 27:57 | Build | Castle |
| 27:58 | Build | Castle |
| 27:59 | Build | Castle |
| 27:59 | Build | Castle |
| 27:59 | Build | Castle |
| 28:00 | Build | Castle |
| 28:00 | Build | Castle |
| 28:00 | Build | Castle |
| 28:01 | Build | Castle |
| 28:01 | Build | Castle |
| 28:01 | Build | Castle |
| 28:02 | Build | Castle |
| 28:35 | Research | Squires |
| 30:40 | Research | Tech 19 |
| 31:03 | Research | Druzhina |
| 31:12 | Research | Tech 19 |
| 31:19 | Research | Thumb Ring |
| 32:02 | Create | Villager (Male) |
| 32:03 | Create | Villager (Male) |
| 32:03 | Create | Villager (Male) |
Match timeline
| 0:21 | Firester · first_building Castle |
| 0:56 | yjf4be · first_building Castle |
| 1:03 | Berserker · first_building Castle |
| 1:06 | naphtaligrauer16 · first_building Castle |
| 1:40 | labubu · first_building Castle |
| 1:51 | kaisah87 · first_building Castle |
| 3:18 | yjf4be · first_building Archery Range |
| 4:17 | kaisah87 · first_building Archery Range |
| 6:20 | RoR | Benanji · first_building Barracks |
| 8:45 | ZAgOR · resign |
| 9:38 | labubu · first_building Dock |
| 11:29 | Berserker · first_building Siege Workshop |
| 14:39 | kaisah87 · first_building Siege Workshop |
| 15:46 | Berserker · first_building Stable |
| 19:30 | yjf4be · age_up imperial |
| 26:19 | kaisah87 · age_up imperial |
| 27:48 | Firester · age_up imperial |
| 30:20 | labubu · age_up imperial |
[ AI ANALYSIS · 1 CREDIT ]
What really happened in this match?
Wolo.gg analyzes every decision: build order, eco, micro, common mistakes by bracket. Personalized analysis on WhatsApp or Discord in 30 seconds.
Civ guide
Burgundians
Perfil
Jugador #5111513